 Dungeon Crawl Stone Soup version 0.28.0 (webtiles) character file.

Game seed: 6643436007331048719

116 croobank the Skirmisher (level 5, -9/42 HPs)
             Began as a Human Abyssal Knight on Feb 8, 2022.
             Was a Follower of Lugonu.
             Killed by nerve-wracking pain
             ... invoked by an orc priest
              (13 damage)
             ... on level 2 of the Dungeon.
             The game lasted 00:08:57 (1978 turns).

croobank the Skirmisher (Human Abyssal Knight)      Turns: 1978, Time: 00:08:57

Health: -9/42      AC:  5    Str: 15    XL:     5   Next: 20%
Magic:  6/6        EV: 10    Int: 11    God:    Lugonu [*.....]
Gold:   64         SH:  0    Dex: 13    Spells: 4/4 levels left

rFire   . . .      SeeInvis .   a - +2 hand axe
rCold   . . .      Faith    .   (no shield)
rNeg    . . .      Spirit   .   c - +0 ring mail
rPois   .          Reflect  .   (no helmet)
rElec   .          Harm     .   (no cloak)
rCorr   .          Rampage  .   (no gloves)
Will    .....                   (no boots)
Stlth   +.........              (no amulet)
HPRegen 0.14/turn               (no ring)
MPRegen 0.10/turn               (no ring)

@: no status effects
A: no striking features
a: Renounce Religion, Depart the Abyss


You were on level 2 of the Dungeon.
You worshipped Lugonu.
Lugonu was aware of your devotion.
You visited 1 branch of the dungeon, and saw 2 of its levels.
You visited the Abyss 1 time.

You collected 64 gold pieces.

Inventory:

Hand Weapons
 a - a +2 hand axe (weapon)
Missiles
 e - 23 bolts
 f - 16 stones
 h - 58 arrows
Armour
 b - a +0 leather armour
 c - a +0 ring mail (worn)


   Skills:
 + Level 3.8 Fighting
 + Level 3.1 Axes
 + Level 3.3 Armour
 + Level 1.3 Dodging
 + Level 2.0 Invocations


You had 4 spell levels left.
You didn't know any spells.
Your spell library was empty.

Dungeon Overview and Level Annotations

Branches:
Dungeon (2/15)

Altars:


Message History

Natasha is severely wounded.
Natasha claws you but does no damage.
You hit Natasha.
Natasha is almost dead.
Natasha claws you!
You hit Natasha but do no damage.
Natasha is almost dead.
Natasha claws you but does no damage.
You hit Natasha.
You kill Natasha!
Lugonu accepts your kill.
You feel Natasha's spirit has finally been put to rest.
Your Armour skill increases to level 3!
You have reached level 5!
An orc priest is nearby!
You see here the felid corpse of Natasha.
You see here a +0 dagger.
You aren't carrying any potions.
You aren't carrying any scrolls.
The orc shouts!
The orc priest shouts!
An endoplasm comes into view.
The orc barely misses you.
The endoplasm quivers.
You hit the orc but do no damage. The orc hits you with a +0 flail.
The orc hits you but does no damage.
You closely miss the orc.
The orc priest mumbles some strange prayers to Beogh against you.
Beogh smites you! The orc barely misses you.
The endoplasm jiggles.
You barely miss the orc. The orc hits you with a +0 flail.
You hit the orc.
The orc is moderately wounded.
The orc misses you.
The orc priest mumbles some strange prayers to Beogh against you.
Beogh smites you!
* * * LOW HITPOINT WARNING * * *
The orc priest calls down the wrath of Beogh upon you.
Pain shoots through your body!
You die...

# #...####.####..#.....#
#. # #.#.
#......#####..# . ### #
####..## #..### .## .#
##.## #....# ..# ..#
##..# #.##.###.# ....#
#.o.# #..#...#.# .....#
####.#.## #...##...#
.###..
...#o#.o#####..####.####
.. #
....J##@..###..##.......
.#
........#....>....[.....
..
........#####......<....
..............#.##.#####
.........#######....#
#.........# ###..# ..
........# #..# ##
........# #..# ........#
#..#


You could see an orc priest and an orc.

Vanquished Creatures
  Natasha (thrice) (D:2)
  2 dart slugs (D:1)
  An orc (D:1)
  2 endoplasms (D:1)
  A giant cockroach (D:1)
  5 goblins
  5 hobgoblins
  3 jackals (D:1)
  3 quokkas
  5 ball pythons
  A kobold (D:1)
  4 rats
35 creatures vanquished.

Notes
Turn   | Place    | Note
-------+----------+-------------------------------------------
     0 | Abyss:1  | croobank the Human Abyssal Knight began the quest for the
                  | Orb.
     0 | Abyss:1  | Reached XP level 1. HP: 18/18 MP: 2/2
   101 | Abyss:1  | Noticed an iron imp
   116 | Abyss:1  | Noticed a wretched star
   119 | D:1      | Escaped the Abyss
   252 | D:1      | Reached * piety under Lugonu
   264 | D:1      | Found a faded altar of an unknown god.
   352 | D:1      | Reached XP level 2. HP: 19/19 MP: 3/3
   706 | D:1      | Reached XP level 3. HP: 19/23 MP: 4/4
  1243 | D:2      | Noticed Natasha
  1250 | D:2      | Killed Natasha
  1251 | D:2      | Reached XP level 4. HP: 29/29 MP: 5/5
  1547 | D:2      | Noticed Natasha
  1582 | D:2      | Killed Natasha
  1586 | D:2      | HP: 1/37 [rat (2)]
  1927 | D:2      | Noticed Natasha
  1937 | D:2      | Killed Natasha
  1938 | D:2      | Reached XP level 5. HP: 32/42 MP: 6/6
  1978 | D:2      | Killed from afar by an orc priest

Illustrated notes

Levels and vault maps discovered:
D:1:      matt_arrival_diagonals, layout_loops_ring,
          chequers_ecumenical_altar_simple_redux, supply_closet_lemuel,
          chequers_serial_rivers_micro_e,
          nicolae_concentric_dashed_squares_wild, st_stairs_1,
          serial_bayou_pond_e, kennysheep_decorative_pillar
D:2:      layout_rooms, uniq_natasha

Skill      XL: |  1  2  3  4 |
---------------+-------------+-----
Axes           | 3 |  3.1
Armour         | 3 |  3.3
Fighting       | |  3.8
Dodging        | |  1.3
Invocations    | |  2.0

Action                   |  1- 3 |  4- 6 || total
-------------------------+-------+-------++-------
Melee: Hand axe          |    88 |    43 ||   131
       Punch             |     1 |       ||     1
Invok: Depart the Abyss  |     1 |       ||     1
  Use: Scroll            |       |     2 ||     2
Armor: Ring mail         |    28 |    14 ||    42
Dodge: Dodged            |    49 |    21 ||    70
